 Dungeon Crawl Stone Soup version 0.28.0-49-g6dfe1f597d (console) character file.

Game seed: 9848470271677172871

8745 Faeu the Fighter (level 11, -2/166 HPs)
             Began as a Minotaur Berserker on May 15, 2022.
             Was a High Priest of Trog.
             Slain by a troll (10 damage)
             ... on level 11 of the Dungeon.
             The game lasted 00:25:39 (10992 turns).

Faeu the Fighter (Minotaur Berserker)              Turns: 10992, Time: 00:25:39

Health: -2/166     AC: 15    Str: 26    XL:     11   Next: 13%
Magic:  0/10       EV:  8    Int:  4    God:    Trog [*****.]
Gold:   563        SH:  0    Dex: 10    Spells: 10/10 levels left

rFire   . . .      SeeInvis .   D - +2 war axe (elec) {axe}
rCold   . . .      Faith    .   (no shield)
rNeg    . . .      Spirit   +   K - +0 plate armour
rPois   .          Reflect  .   F - +1 hat
rElec   .          Harm     .   q - +0 cloak
rCorr   .          Rampage  .   u - +0 pair of gloves
Will    .....                   (no boots)
Stlth   ..........              s - amulet of guardian spirit
HPRegen 0.37/turn               (no ring)
MPRegen 0.12/turn               (no ring)

@: berserking (expiring), very quick
A: horns 2, retaliatory headbutt
a: Renounce Religion, Berserk, Trog's Hand, Brothers in Arms


You were on level 11 of the Dungeon.
You worshipped Trog.
Trog was extremely pleased with you.
You visited 1 branch of the dungeon, and saw 11 of its levels.
You also visited: Bailey.

You collected 563 gold pieces.


Innate Abilities, Weirdness & Mutations

You have a pair of horns on your head.
You reflexively headbutt those who attack you in melee.


   Skills:
 + Level 14.5 Fighting
 + Level 14.5 Axes
 - Level 4.2 Armour
 - Level 3.8 Dodging


You had 10 spell levels left.
You didn't know any spells.
Your spell library contained the following spells:

 Spells                   Type           Power      Damage    Failure   Level
 Animate Skeleton         Necr           0%         N/A       100%        1
 Apportation              Tloc           0%         N/A       100%        1
 Foxfire                  Conj/Fire      0%         2x1d4     100%        1
 Sting                    Tmut/Pois      0%         1d3       100%        1
 Summon Small Mammal      Summ           0%         N/A       100%        1
 Ensorcelled Hibernation  Hex/Ice        0%         N/A       100%        2
 Poisonous Vapours        Pois/Air       0%         N/A       100%        2
 Call Canine Familiar     Summ           0%         N/A       100%        3
 Conjure Flame            Conj/Fire      0%         6-21      100%        3
 Inner Flame              Hex/Fire       0%         N/A       100%        3
 Ozocubu's Armour         Ice            0%         N/A       100%        3
 Portal Projectile        Hex/Tloc       0%         N/A       100%        3
 Spider Form              Tmut/Pois      0%         N/A       100%        3
 Anguish                  Hex/Necr       0%         N/A       100%        4
 Flame Wave               Conj/Fire      0%         2d4       100%        4
 Leda's Liquefaction      Hex/Erth       0%         N/A       100%        4
 Olgreb's Toxic Radiance  Pois           0%         N/A       100%        4
 Ozocubu's Refrigeration  Ice            0%         4d5       100%        7

Inventory:

Hand Weapons
 o - a +2 falchion of holy wrath {long}
   (You took it off Robin on level 2 of the Dungeon)
 D - a +2 war axe of electrocution (weapon) {axe}
   (You took it off an orc on level 6 of the Dungeon)
Missiles
 r - 15 poisoned darts (quivered) {throwing}
 E - 17 boomerangs {throwing}
Armour
 q - a +0 cloak (worn)
   (You took it off Crazy Yiuf on level 6 of the Dungeon)
 u - a +0 pair of gloves (worn)
   (You found it on level 4 of the Dungeon)
 z - the +1 leather armour of Immorality {rElec rF- rC++ rCorr}
   (You found it on level 5 of the Dungeon)

   rF:        It makes you vulnerable to fire.
   rC:        It greatly protects you from cold.
   rElec:     It insulates you from electricity.
   rCorr:     It protects you from acid and corrosion.
 F - a +1 hat (worn)
   (You found it on level 7 of the Dungeon)
 H - a +1 robe of willpower
   (You took it off Psyche on level 8 of the Dungeon)
 K - a +0 plate armour (worn)
   (You took it off an orc warrior on level 8 of the Dungeon)
Jewellery
 s - an amulet of guardian spirit (around neck)
   (You found it on level 7 of the Dungeon)
 J - a ring of fire
   (You found it on level 8 of the Dungeon)
Wands
 a - a wand of mindburst (16)
   (You found it on level 6 of the Dungeon)
 p - a wand of polymorph (17)
   (You took it off Robin on level 2 of the Dungeon)
 y - a wand of flame (45)
   (You took it off Natasha on level 4 of the Dungeon)
 I - a wand of iceblast (9)
   (You took it off Psyche on level 8 of the Dungeon)
Scrolls
 b - a scroll of silence {!r}
 d - 4 scrolls of noise {!r}
 e - 5 scrolls of vulnerability {!r!r}
 f - a scroll of fear {unknown}
 h - 2 scrolls of teleportation {@r4}
 i - 2 scrolls of blinking {unknown}
 j - 2 scrolls of enchant weapon
 m - 3 scrolls of acquirement
 n - a scroll of identify {@r1}
 G - 2 scrolls of magic mapping {unknown}
 O - a scroll of immolation {unknown}
Potions
 c - 2 potions of curing {@q1}
 g - 2 potions of ambrosia {unknown}
 l - 2 potions of might {unknown}
 t - a potion of flight {unknown}
 v - a potion of lignification {unknown}
 w - 4 potions of haste {unknown}
 x - a potion of resistance
 B - 2 potions of magic {unknown}
 C - a potion of degeneration {unknown}
 L - a potion of invisibility {unknown}
 M - 2 potions of mutation {unknown}
Miscellaneous
 N - a phial of floods
   (You found it in a bailey)

Dungeon Overview and Level Annotations

Branches:
Dungeon (11/15)            Temple (0/1) D:6             Orc (0/2) D:9
 Bailey (visited)
   Lair: D:8-11

Altars:
Dithmenos
Kikubaaqudgha
The Shining One

Shops:
D:1 (   D:8 [

Annotations:
D:8 1 runed translucent door, Name63's ghost, novice FeTm

#.# #.# #####.##
.......# .......#
#### ####...# #..
####.h.########.#
..............#†###.#
####...####.#..T@...#
# #.....# #...#.##..#
..<....## #####... .#
....$..# ####.##
#####.## # #.# .+#


You could see a troll.


Message History

You swap places.
Snorg bites your two-headed ogre!!
Snorg closely misses your two-headed ogre.
Snorg claws your two-headed ogre! Snorg bites your two-headed ogre!!
Your two-headed ogre dies!
Your two-headed ogre's corpse dissolves into shadows!
You hear a bark! x2 😨 HP[+1]
You swap places.
A hornet comes into view.
Snorg bites your killer bee! Snorg claws your killer bee!!
Your killer bee dies!
Your killer bee's corpse dissolves into shadows!
Snorg bites your howler monkey zombie!! Snorg claws your howler monkey zombie.
Your howler monkey zombie is destroyed!
Your howler monkey zombie dissolves into shadows! 😨 HP[+1]
The hornet barely misses your killer bee. 😨 MP[+1]
The hornet barely misses your killer bee.
Snorg closely misses your killer bee. Snorg misses your killer bee.
Snorg barely misses your killer bee.
You hear a bark!
The hornet misses your killer bee. 😨 HP[+1]
You are no longer corroded.
The hornet misses your killer bee.
You recover from your berserk rage. 😨 HP[+1]
The hornet stings your killer bee.
Your killer bee seems to slow down.
The hornet stings your killer bee!
Your killer bee dies!
Your killer bee's corpse dissolves into shadows!
You hear a bark! 😨 MP[+1] Snorg barely misses your killer bee.
Snorg completely misses your killer bee.
Snorg misses your killer bee.
A hound comes into view. 😨 HP[+1] Snorg closely misses something.
Snorg claws something.
Snorg closely misses something.
Snorg bites your killer bee. Snorg claws your killer bee! x2
Your killer bee dies!
Your killer bee's corpse dissolves into shadows! 😨 HP[+1]
The hornet is sucked into a shaft!
The shaft crumbles and collapses.
You feel much better. Snorg closely misses you.
Snorg claws you but does no damage. x2 😮 HP[+26] MP[+1]
You regained 26 hp, and now have 59/111 hp.
Okay, then.
Unknown command.
A red film seems to cover your vision as you go berserk!
You feel yourself moving faster!
You feel mighty! Snorg bites you!
* * * LOW HITPOINT WARNING * * *
Snorg claws you!
* * * LOW HITPOINT WARNING * * *
Snorg claws you.
* * * LOW HITPOINT WARNING * * *
😨 HP[+3] MP[-1]
You now have 166 max hp (+55).
You regained 3 hp, and now have 62/166 hp.
You lost 1 mp, and now have 4/10 mp.
You closely miss Snorg. You slice the hound!!
Lightning courses through the hound!
You kill the hound!
Trog accepts your kill. Snorg bites you but does no damage. Snorg claws you.
* * * LOW HITPOINT WARNING * * *
Snorg claws you!
* * * LOW HITPOINT WARNING * * *
😨 HP[-19] MP[-1]
You take 19 damage, and now have 43/166 hp.
You lost 1 mp, and now have 3/10 mp.
You slash Snorg! Your headbutt misses Snorg. Snorg bites you!!
* * * LOW HITPOINT WARNING * * *
Snorg claws you.
* * * LOW HITPOINT WARNING * * *
Snorg claws you.
* * * LOW HITPOINT WARNING * * *
😱 HP[-24] MP[-2]
You take 24 damage, and now have 19/166 hp.
You lost 2 mp, and now have 1/10 mp.
You slash Snorg! Your headbutt misses Snorg.
Snorg is no longer berserk.
Snorg bites you!
* * * LOW HITPOINT WARNING * * *
Snorg closely misses you.
Snorg barely misses you. 😱 HP[-12] MP[-1]
You take 12 damage, and now have 7/166 hp.
You lost 1 mp, and now have 0/10 mp.
You slice Snorg!! You slash Snorg! Lightning courses through Snorg!!
Your headbutt misses Snorg. You hit Snorg. Lightning courses through Snorg!!
Your headbutt misses Snorg. Snorg closely misses you. You furiously retaliate!
You headbutt Snorg!
You kill Snorg!
Trog accepts your kill. 😱 HP[+1]
You slice the troll!! Lightning courses through the troll! The troll bites you!
You die...

Skill      XL: |  1  2  3  4  5  6  7  8  9 10 |
---------------+-------------------------------+-----
Fighting       | 4 5 6 8 10 12 14 | 14.5
Axes           | 4 5 6 8 10 12 14 | 14.5
Armour         | 3 4 |  4.2
Dodging        | 3 |  3.8

Action                   |  1- 3 |  4- 6 |  7- 9 | 10-12 || total
-------------------------+-------+-------+-------+-------++-------
Melee: Hand axe          |    86 |   140 |    76 |       ||   302
       Headbutt          |    10 |    27 |    43 |    18 ||    98
       Unarmed           |     7 |       |       |       ||     7
       Punch             |     1 |     1 |       |     2 ||     4
       War axe           |       |       |   129 |    98 ||   227
Invok: Berserk           |       |     4 |     5 |     5 ||    14
  Use: Scroll            |       |       |     6 |     4 ||    10
       Potion            |       |       |       |     3 ||     3
Armor: Animal skin       |    15 |     9 |       |       ||    24
       Chain mail        |       |    37 |   121 |       ||   158
       Skin              |       |     3 |       |       ||     3
       Plate armour      |       |       |    16 |    54 ||    70
Dodge: Dodged            |    73 |    64 |    91 |    42 ||   270

Levels and vault maps discovered:
D:1:      dpeg_arrival_erosion, layout_basic, serial_shops, shop, serial_rivers,
          chequers_serial_rivers_large_b, chequers_serial_rivers_room_b,
          chequers_serial_rivers_room_b, chequers_serial_rivers_micro_a,
          chequers_serial_rivers_room_b, chequers_serial_rivers_micro_a
D:2:      minmay_general_purpose_star, layout_loops_cross, basic_altar,
          uniq_robin
D:3:      layout_loops_ring, minmay_misc_feat_columns
D:4:      layout_basic, nicolae_overflow_squiral, minmay_fractal_squares_5,
          uniq_natasha
D:5:      layout_layer_cave
D:6:      layout_layer_cave, minmay_temple_entry_tees, uniq_eustachio,
          uniq_crazy_yiuf_cottage
D:7:      layout_basic, corexii_checkpoint_a
D:8:      layout_rooms, serial_shops, nicolae_shop_waterfront,
          hellmonk_ghost_big_iron, uniq_psyche
D:9:      layout_basic, orc_0_dummy, enter_bailey_3
D:10:     layout_rooms, minmay_guarded_unrand_vampires_tooth
D:11:     layout_loops_corners, erik_lair_island, serial_shops,
          nicolae_shop_behind_doors, uniq_snorg

Notes
Turn   | Place    | Note
-------+----------+-------------------------------------------
     0 | D:1      | Faeu the Minotaur Berserker began the quest for the Orb.
     0 | D:1      | Reached XP level 1. HP: 19/19 MP: 0/0
     0 | D:1      | magus.rc [v1.9.6]
    54 | D:1      | Found Gyggud's Antique Weapon Emporium.
   153 | D:1      | Reached XP level 2. HP: 27/27 MP: 1/1
   465 | D:1      | Reached skill level 4 in Fighting
   467 | D:1      | Reached ** piety under Trog
   524 | D:1      | Reached skill level 4 in Axes
   699 | D:2      | HP: 3/27 [worm (7)]
   702 | D:2      | Reached skill level 3 in Armour
  1069 | D:2      | Reached XP level 3. HP: 32/33 MP: 2/2
  1175 | D:2      | Found a glowing golden altar of the Shining One.
  1498 | D:2      | Noticed Robin
  1499 | D:2      | Reached skill level 3 in Dodging
  1920 | D:3      | You add the spells Ozocubu's Armour and Ozocubu's
                  | Refrigeration to your library.
  1940 | D:3      | Reached XP level 4. HP: 37/41 MP: 3/3
  1985 | D:3      | You pick up a book of the Hunter {forbidden} and begin
                  | reading...
  1985 | D:3      | You add the spells Call Canine Familiar, Portal Projectile
                  | and Leda's Liquefaction to your library.
  2562 | D:3      | You add the spells Sting, Poisonous Vapours and Olgreb's
                  | Toxic Radiance to your library.
  3001 | D:2      | Killed Robin
  3235 | D:4      | Reached XP level 5. HP: 23/47 MP: 4/4
  3249 | D:4      | Reached *** piety under Trog
  3250 | D:4      | Reached skill level 4 in Armour
  3256 | D:4      | HP: 11/47 [poisoned by a kobold]
  3535 | D:4      | Reached skill level 5 in Fighting
  3535 | D:4      | Reached skill level 5 in Axes
  3735 | D:4      | Noticed a phantom
  3742 | D:4      | Killed a phantom
  3743 | D:4      | Reached XP level 6. HP: 56/56 MP: 5/5
  4168 | D:4      | You pick up a book of Cantrips {forbidden} and begin
                  | reading...
  4168 | D:4      | You add the spells Animate Skeleton, Summon Small Mammal
                  | and Apportation to your library.
  4193 | D:4      | Found an ancient bone altar of Kikubaaqudgha.
  4194 | D:4      | Found a shadowy altar of Dithmenos.
  4271 | D:4      | Noticed Natasha
  4278 | D:4      | Killed Natasha
  4349 | D:4      | Noticed Natasha
  4360 | D:4      | Killed Natasha
  4552 | D:4      | Noticed Natasha
  4560 | D:4      | Killed Natasha
  4735 | D:4      | Reached skill level 6 in Axes
  4906 | D:5      | Entered Level 5 of the Dungeon
  4914 | D:5      | Reached skill level 6 in Fighting
  5116 | D:5      | You pick up a book of Flames {forbidden} and begin
                  | reading...
  5116 | D:5      | You add the spells Foxfire, Conjure Flame, Inner Flame and
                  | Flame Wave to your library.
  5169 | D:5      | Reached XP level 7. HP: 60/64 MP: 6/6
  5488 | D:5      | Reached skill level 7 in Fighting
  5488 | D:5      | Reached skill level 7 in Axes
  5702 | D:5      | Identified the +1 leather armour of Immorality {rElec rF-
                  | rC++ rCorr}
  5963 | D:6      | Noticed Eustachio
  5975 | D:6      | Killed Eustachio
  6147 | D:5      | Reached skill level 8 in Fighting
  6147 | D:5      | Reached skill level 8 in Axes
  6147 | D:5      | Reached XP level 8. HP: 67/74 MP: 7/7
  6485 | D:6      | Found a staircase to the Ecumenical Temple.
  6637 | D:6      | Found a runed translucent door.
  6638 | D:6      | Noticed Crazy Yiuf
  6781 | D:6      | Reached **** piety under Trog
  7137 | D:6      | Killed Crazy Yiuf
  7213 | D:7      | Reached skill level 9 in Fighting
  7213 | D:7      | Reached skill level 9 in Axes
  7706 | D:7      | Noticed a slime creature
  7706 | D:7      | Noticed a slime creature
  7706 | D:7      | Noticed a slime creature
  7706 | D:7      | Noticed a slime creature
  7708 | D:7      | Noticed a slime creature
  7708 | D:7      | Noticed a slime creature
  7789 | D:7      | Killed a very large slime creature
  7790 | D:7      | Reached skill level 10 in Fighting
  7790 | D:7      | Reached skill level 10 in Axes
  7790 | D:7      | Reached XP level 9. HP: 58/85 MP: 4/8
  7792 | D:7      | HP: 29/127 [large slime creature (30)]
  7793 | D:7      | Killed a large slime creature
  8140 | D:7      | Reached skill level 11 in Fighting
  8140 | D:7      | Reached skill level 11 in Axes
  8676 | D:8      | Found Supyucak's Antique Armour Shop.
  8808 | D:8      | Found a runed translucent door.
  8816 | D:8      | Noticed Name63's ghost (novice FeTm)
  8820 | D:8      | Noticed Psyche
  8826 | D:8      | Killed Psyche
  9224 | D:8      | Reached skill level 12 in Fighting
  9260 | D:9      | Identified a scroll of acquirement
  9312 | D:9      | Found a flagged portal.
  9325 | D:9      | Reached skill level 12 in Axes
  9331 | Bailey   | Entered a bailey
  9336 | Bailey   | Noticed an orc warlord
  9399 | Bailey   | Noticed an orc knight
  9423 | Bailey   | HP: 29/135 [orc knight/+0 war axe (12)]
  9427 | Bailey   | Killed an orc knight
  9428 | Bailey   | Reached XP level 10. HP: 33/99 MP: 2/9
  9435 | Bailey   | HP: 22/99 [goblin/+0 hand axe (2)]
  9759 | Bailey   | Found a runed translucent gate.
  9760 | Bailey   | Found a runed translucent gate.
  9761 | Bailey   | Found a runed translucent gate.
  9768 | Bailey   | Noticed an orc knight
  9778 | Bailey   | Killed an orc knight
 10081 | Bailey   | Killed an orc warlord
 10082 | Bailey   | Reached skill level 13 in Fighting
 10082 | Bailey   | Reached skill level 13 in Axes
 10487 | D:9      | You pick up a book of Dreams {forbidden} and begin
                  | reading...
 10487 | D:9      | You add the spells Ensorcelled Hibernation, Spider Form and
                  | Anguish to your library.
 10517 | D:9      | Reached ***** piety under Trog
 10692 | D:9      | Found a staircase to the Orcish Mines.
 10874 | D:10     | Entered Level 10 of the Dungeon
 10898 | D:10     | Reached skill level 14 in Fighting
 10906 | D:10     | Reached skill level 14 in Axes
 10917 | D:10     | Reached XP level 11. HP: 72/110 MP: 3/10
 10937 | D:10     | HP: 26/110 [orc priest/divine providence (9)]
 10956 | D:11     | HP: 26/111 [something (7)]
 10957 | D:11     | HP: 2/111 [acid dragon/splash of acid (19)]
 10958 | D:11     | Noticed Snorg
 10986 | D:11     | HP: 26/166 [Snorg (18)]
 10987 | D:11     | HP: 7/166 [Snorg (12)]
 10990 | D:11     | Killed Snorg
 10992 | D:11     | Slain by a troll

Vanquished Creatures
  An orc warlord (Bailey)
  Snorg (D:11)
  3 slime creatures (D:7)
  2 orc knights (Bailey)
  Psyche (D:8)
  10 yaks
  Eustachio (D:6)
  3 vampire mosquitoes (D:10)
  2 water moccasins
  2 orc warriors
  3 ice beasts
  An ogre (D:5)
  5 centaurs
  2 phantoms
  2 kobold brigands
  2 bullfrogs
  A wyvern zombie (D:7)
  7 killer bees
  4 howler monkeys (D:10)
  2 centaur zombies
  2 bullfrog zombies (D:5)
  2 hounds
  2 jellies (D:5)
  Crazy Yiuf (D:6)
  An orc priest (D:4)
  A bullfrog skeleton (D:4)
  2 iguanas
  Natasha (thrice) (D:4)
  2 orc wizards (D:8)
  A killer bee zombie (D:8)
  2 hound skeletons (D:4)
  Robin (D:2)
  8 adders
  2 gnolls (Bailey)
  2 shadow imps
  3 white imps
  4 worms
  A dart slug (D:3)
  18 orcs
  5 bats
  6 endoplasms
  4 giant cockroaches (D:1)
  18 goblins
  14 hobgoblins
  2 jackals (D:3)
  4 quokkas
  9 ball pythons
  5 frilled lizards
  32 kobolds
  10 rats
222 creatures vanquished.

Vanquished Creatures (collateral kills)
  An orc warrior (D:10)
  An orc priest (D:10)
  3 orcs (D:10)
5 creatures vanquished.

Vanquished Creatures (others)
  2 plants (D:8)
2 creatures vanquished.

Grand Total: 229 creatures vanquished

Table legend:
 A = Non-vault XP
 B = Vault XP
 C = Vault XP percentage of total XP
 D = Non-vault monster count
 E = Vault monster count
 F = Vault count percentage of total count
                 A         B        C        D         E       F
            +---------+---------+-------+---------+---------+-------
      Total |    7621 |    4872 |  39.0 |     170 |      57 |  25.1
            +---------+---------+-------+---------+---------+-------
        D:1 |      31 |       0 |   0.0 |      21 |       0 |   0.0
        D:2 |      37 |      37 |  50.0 |      14 |      13 |  48.1
        D:3 |      83 |       0 |   0.0 |      18 |       0 |   0.0
        D:4 |     323 |      99 |  23.5 |      25 |       9 |  26.5
        D:5 |     737 |       0 |   0.0 |      16 |       0 |   0.0
        D:6 |     351 |     228 |  39.4 |      17 |       2 |  10.5
        D:7 |    2170 |       3 |   0.1 |      12 |       2 |  14.3
        D:8 |     651 |     383 |  37.0 |      12 |       1 |   7.7
        D:9 |    1491 |       7 |   0.5 |      12 |       4 |  25.0
       D:10 |    1747 |     546 |  23.8 |      23 |       3 |  11.5
       D:11 |       0 |     981 | 100.0 |       0 |       2 | 100.0
     Bailey |       0 |    2588 | 100.0 |       0 |      21 | 100.0
            +---------+---------+-------+---------+---------+-------

Illustrated notes

Table legend:
 A = Kills in this place as a percentage of kills in entire the game.
 B = Kills by you in this place as a percentage of kills by you in the entire game.
 C = Kills by friends in this place as a percentage of kills by friends in the entire game.
 D = Other kills in this place as a percentage of other kills in the entire game.
 E = Experience gained in this place as a percentage of experience gained in the entire game.
 F = Experience gained in this place divided by the number of levels of this place that you have seen.
                   A       B       C       D       E      F
               +-------+-------+-------+-------+-------+----------------------
         Total | 100.0 | 100.0 | 100.0 |   N/A | 100.0 | 1041.1
       Dungeon |  90.7 |  90.5 | 100.0 |   N/A |  79.3 | 900.5
        Bailey |   9.3 |   9.5 |   0.0 |   N/A |  20.7 | 2588.0
               +-------+-------+-------+-------+-------+----------------------

Table legend: (Time is in decaauts)
 A = Elapsed time spent in this place.
 B = Non-inter-level travel time spent in this place.
 C = Inter-level travel time spent in this place.
 D = Time resting spent in this place.
 E = Time spent auto-exploring this place.
 F = Levels seen in this place.
 G = Mean time per level.
                   A        B        C        D        E       F      G
               +--------+--------+--------+--------+--------+-----+--------+
         Total |  11134 |  10843 |    291 |   2170 |   6665 |  12 |  927.8 |
       Dungeon |  10244 |   9953 |    291 |   1750 |   6469 |  11 |  931.3 |
        Bailey |    890 |    890 |      0 |    420 |    195 |   1 |  890.0 |
               +--------+--------+--------+--------+--------+-----+--------+

Top non-repeatable levels by time:
     D:4: 1623 daAuts
     D:7: 1465 daAuts
     D:3: 1363 daAuts
     D:2: 1261 daAuts
     D:5: 1113 daAuts
     D:6: 1073 daAuts
  Bailey: 890 daAuts
     D:1: 862 daAuts
     D:9: 767 daAuts
     D:8: 599 daAuts
    D:10: 79 daAuts
    D:11: 35 daAuts
